 Dungeon Crawl Stone Soup version 0.31-a0-876-gfe8ebadbca (webtiles) character file.

Game seed: 4201829191099972082

24936 JackS81 the Cleaver (level 12, -12/94 HPs)
             Began as a Demonspawn Monk on Oct 14, 2023.
             Was a High Priest of Okawaru.
             Mangled by a sphinx (16 damage)
             ... summoned by Kirke
             ... on level 3 of the Lair of Beasts.
             The game lasted 01:03:28 (12779 turns).

JackS81 the Cleaver (Demonspawn Monk)              Turns: 12779, Time: 01:03:28

Health: -12/94     AC:  0    Str: 16    XL:     12   Next: 85%
Magic:  19/19      EV: 28    Int: 13    God:    Okawaru [*****.]
Gold:   537        SH:  5    Dex: 15    Spells: 11/11 levels left

rFire   . . .        p - melded +2 war axe (flame)
rCold   . . .        F - melded +1 kite shield of the Vacuum {rF+ rC+ rN+}
rNeg    . . .        W - melded +0 steam dragon scales
rPois   .            S - melded +1 helmet {SInv}
rElec   .            w - melded +0 cloak
rCorr   .            s - melded +0 pair of gloves
SInv    .            v - melded +0 pair of boots
Will    .....        G - amulet of reflection
Stlth   +++          A - melded ring of resist corrosion
HPRegen 0.35/turn    U - melded ring of poison resistance
MPRegen 0.16/turn

%: reflection
@: agile, pig-form, heroic, slowed
A: fast, no casting, small, (hooves 2), repulsion field 2, ignite blood 2,
powered by pain 1
a: Renounce Religion, Heroism, Finesse, Duel


You were on level 3 of the Lair of Beasts.
You worshipped Okawaru.
Okawaru was extremely pleased with you.
You were a filthy swine.
You visited 3 branches of the dungeon, and saw 14 of its levels.

You collected 712 gold pieces.
You spent 175 gold pieces at shops.

Inventory:

Hand Weapons
 p - a +2 war axe of flaming (melded)
 y - a +3 hand axe
 O - a +3 heavy war axe
 T - a +4 hand axe of freezing
Missiles
 l - 6 silver javelins
 o - a throwing net
 J - 29 poisoned darts
 Q - a javelin
 V - 18 curare-tipped darts
Armour
 d - an orb of light
 s - a +0 pair of gloves (melded)
 v - a +0 pair of boots (melded)
 w - a +0 cloak (melded)
 C - an orb of energy
 F - the +1 kite shield of the Vacuum (melded) {rF+ rC+ rN+}
   (You found it on level 6 of the Dungeon)

   rF+:       It protects you from fire.
   rC+:       It protects you from cold.
   rN+:       It protects you from negative energy.
 N - a +0 robe of fire resistance
 S - a +1 helmet of see invisible (melded)
 W - +0 steam dragon scales (melded)
Jewellery
 e - a ring of wizardry
 r - a ring of see invisible
 A - a ring of resist corrosion (melded)
 D - a ring of flight
 G - an amulet of reflection (around neck)
 U - a ring of poison resistance (melded)
Wands
 a - a wand of mindburst (8)
 i - a wand of digging (2)
 n - a wand of light (4)
 H - a wand of flame (36)
 M - a wand of polymorph (8)
 X - a wand of paralysis (3)
 Z - a wand of roots (15)
Scrolls
 b - 3 scrolls of poison
 g - 2 scrolls of butterflies
 j - 2 scrolls of revelation
 k - 2 scrolls of identify
 t - 8 scrolls of teleportation
 E - 2 scrolls of fear
 I - a scroll of fog
 P - 2 scrolls of blinking {unknown}
 R - a scroll of enchant weapon
Potions
 c - 6 potions of brilliance
 f - 2 potions of heal wounds
 h - 2 potions of haste {unknown}
 m - 2 potions of mutation {unknown}
 q - a potion of resistance
 u - a potion of lignification
 x - 6 potions of magic {unknown}
 z - 2 potions of curing
 B - 2 potions of invisibility {unknown}
 K - 3 potions of ambrosia
 L - 2 potions of might {unknown}
 Y - a potion of berserk rage {unknown}


   Skills:
 + Level 8.3(13.3) Fighting
 * Level 14.5(19.5) Axes
 + Level 3.2(8.2) Throwing
 + Level 2.3(7.3) Armour
 + Level 5.8(10.8) Dodging
 + Level 7.3(12.3) Shields
 * Level 9.6 Invocations
 - Level 2.1 Evocations


You had 11 spell levels left.
You didn't know any spells.
Your spell library contained the following spells:

 Spells                   Type           Power      Damage    Failure   Level
 Kiss of Death            Conj/Necr      0%         2d5       30%         1
 Shock                    Conj/Air       0%         1d3       30%         1
 Slow                     Hex            0%         N/A       30%         1
 Ensorcelled Hibernation  Hex/Ice        0%         N/A       43%         2
 Jinxbite                 Hex            0%         N/A       43%         2
 Lesser Beckoning         Tloc           0%         N/A       43%         2
 Sublimation of Blood     Necr           0%         N/A       43%         2
 Confusing Touch          Hex            0%         N/A       67%         3
 Gell's Gravitas          Tloc           0%         N/A       67%         3
 Sigil of Binding         Hex            0%         N/A       67%         3
 Swiftness                Air            0%         N/A       67%         3
 Teleport Other           Tloc           0%         N/A       67%         3
 Vampiric Draining        Necr           0%         2d6       67%         3
 Airstrike                Air            0%         2d(0-16)  97%         4
 Anguish                  Hex/Necr       0%         N/A       97%         4
 Dispel Undead            Necr           0%         3d6       97%         4
 Passage of Golubria      Tloc           0%         N/A       97%         4
 Petrify                  Tmut/Erth      0%         N/A       97%         4
 Irradiate                Conj/Tmut      0%         3d11      100%        5
 Yara's Violent Unravell  Hex/Tmut       0%         3d3       100%        5
 Orb of Destruction       Conj           0%         9d5       100%        7
 Ozocubu's Refrigeration  Ice            0%         4d7       100%        7
 Borgnjor's Revivificati  Necr           0%         N/A       100%        8
 Death's Door             Necr           0%         N/A       100%        9
 Polar Vortex             Ice            0%         N/A       100%        9
 Summon Guardian Golem    Hex/Summ       Unusable   N/A       N/A         3
 Tukima's Dance           Hex            Unusable   N/A       N/A         3
 Simulacrum               Ice/Necr       Unusable   N/A       N/A         6
 Haunt                    Necr/Summ      Unusable   N/A       N/A         7
 Spellforged Servitor     Conj/Summ      Unusable   N/A       N/A         7

Dungeon Overview and Level Annotations

Branches:
Dungeon (10/15)            Temple (1/1) D:4            Lair (3/5) D:10
  Swamp (0/4) Lair:2        Snake (0/4) Lair:3          Orc (0/2) D:10

Altars:
Ashenzari
Cheibriados
Dithmenos
Fedhas
Gozag
Hepliaklqana
Kikubaaqudgha
Makhleb
Nemelex Xobeh
Okawaru
Qazlal
Sif Muna
Trog
Uskayaw
Vehumet
Wu Jian
Xom
Yredelemnul

Shops:
D:3 !   D:4 (:   D:5 !

Annotations:
D:10 5 transporters
Lair:3 Kirke


Innate Abilities, Weirdness & Mutations

You are a filthy swine.
You move quickly.
Your equipment is almost entirely melded.
You are incapable of wielding weapons or throwing items.
You cannot cast spells.
((You have hoof-like feet.))
You are surrounded by a moderate repulsion field. (EV +3)
Your demonic aura often causes spilled blood to erupt in flames.
You sometimes gain a little power by taking damage.


Message History

Your +0 cloak melds into your body.
Your +1 helmet of see invisible melds into your body.
Your +0 pair of gloves melds into your body.
Your +0 pair of boots melds into your body.
The +1 kite shield of the Vacuum {rF+ rC+ rN+} melds into your body.
Your +0 steam dragon scales melds into your body.
Your ring of resist corrosion melds into your body.
Your ring of poison resistance melds into your body.
Your +2 war axe of flaming stops flaming.
You feel less perceptive. The hog closely misses you. The sphinx misses you.
The sphinx completely misses you. The sphinx hits you!
The hog completely misses you. The hog bites you. Kirke hits you.
The hog closely misses you.
Okay, then.
You feel better. The hog completely misses you. The sphinx hits you!!
* * * LOW HITPOINT WARNING * * *
The sphinx barely misses you. The sphinx misses you.
The hog closely misses you. The hog completely misses you.
Kirke is engulfed in blazing flames.
Kirke gestures at you while chanting.
You struggle to resist.
The hog misses you. The sphinx hits you!
* * * LOW HITPOINT WARNING * * *
The sphinx closely misses you. You block the sphinx's attack.
The hog misses you. The hog completely misses you.
You feel much better. The hog closely misses you.
The sphinx is engulfed in blazing flames.
The sphinx hits you!
* * * LOW HITPOINT WARNING * * *
The sphinx barely misses you. The sphinx hits you.
* * * LOW HITPOINT WARNING * * *
The hog completely misses you.
Kirke is engulfed in blazing flames.
Kirke points at you and mumbles some strange words.
You struggle to resist.
The hog misses you. The hog closely misses you. The hog bites you!
* * * LOW HITPOINT WARNING * * *
You focus on the pain.
You feel agile all of a sudden.
The sphinx is engulfed in blazing flames.
The sphinx hits you!
You die...

........................
###...............#.P.#.#
#...##PPP............>.
#......P...P...........
.............###.#.#..
..........#..# ######
....#...##..##
.......@h....##
h......hh.....##.##.
....$..Hh†..†P......
....................
########.#..##.#...#
###### #.#### ##


You could see Kirke, a sphinx (summoned) and 3 hogs.

Vanquished Creatures
  An eleionoma (Lair:2)
  A hydra (Lair:3)
  2 two-headed ogres (D:9)
  Pikel (D:7)
  2 black mambas (Lair:1)
  7 cane toads
  Jeremiah (D:8)
  3 kobold demonologists (D:9)
  An unseen horror (D:7)
  4 komodo dragons
  A merfolk (D:9)
  Prince Ribbit (D:8)
  A hornet (D:9)
  9 blink frogs
  Grinder (D:4)
  7 dream sheep (Lair:2)
  A vampire (D:10)
  3 wyverns
  A wraith (D:10)
  32 yaks
  2 basilisks (Lair:1)
  4 steam dragons
  2 hogs (Lair:3)
  4 nagas (Lair:3)
  5 water moccasins
  6 orc warriors
  3 ice beasts
  A sky beast (D:6)
  3 ogres
  4 wolves (Lair:3)
  5 centaurs
  2 phantoms
  A lemure (D:7)
  6 kobold brigands
  8 bullfrogs
  2 scorpions
  19 wights
  3 killer bees (D:10)
  9 howler monkeys
  An electric eel (Lair:2)
  3 hounds
  8 orc priests
  A jelly (D:7)
  2 gnoll boudas
  Crazy Yiuf (D:7)
  3 sleepcaps (D:5)
  13 orc wizards
  11 gnolls
  10 adders
  2 shadow imps (D:9)
  3 white imps
  An ufetubus (D:4)
  4 worms
  31 orcs
  2 ball pythons
  6 endoplasms
  3 giant cockroaches
  4 hobgoblins
  6 jackals
  2 quokkas
  4 bats
  A frilled lizard (D:1)
  5 goblins
  45 kobolds
  3 kobold skeletons (D:9)
  15 kobold zombies (D:9)
  6 rats
365 creatures vanquished.

Vanquished Creatures (others)
  An orc wizard (D:7)
1 creature vanquished.

Grand Total: 366 creatures vanquished

Notes
Turn   | Place    | Note
-------+----------+-------------------------------------------
     0 | D:1      | JackS81 the Demonspawn Monk began the quest for the Orb.
     0 | D:1      | Reached XP level 1. HP: 18/18 MP: 1/1
   358 | D:1      | Reached skill level 3 in Axes
   461 | D:1      | Gained mutation: You are surrounded by a mild repulsion
                  | field. (EV +2) [demonic ancestry]
   461 | D:1      | Reached XP level 2. HP: 22/24 MP: 2/2
   868 | D:2      | HP: 1/24 [poisoned by an adder]
  1027 | D:2      | Gained mutation: You are surrounded by a moderate repulsion
                  | field. (EV +3) [demonic ancestry]
  1027 | D:2      | Reached XP level 3. HP: 13/29 MP: 3/3
  1534 | D:2      | Found a faded altar of an unknown god.
  1563 | D:2      | Reached XP level 4. HP: 37/37 MP: 4/4
  1780 | D:3      | Reached skill level 4 in Axes
  2453 | D:3      | Found Lifiu's Distillery.
  2456 | D:3      | Bought 2 potions of lignification for 66 gold pieces
  2456 | D:3      | Bought a potion of curing for 33 gold pieces
  2456 | D:3      | Bought a potion of degeneration for 11 gold pieces
  2569 | D:4      | Noticed an ogre
  2572 | D:4      | Noticed Grinder
  2574 | D:4      | Paralysed by Grinder for 4 turns
  2579 | D:4      | Paralysed by Grinder for 3 turns
  2587 | D:4      | Killed Grinder
  2588 | D:4      | Reached skill level 1 in Throwing
  2588 | D:4      | Reached skill level 1 in Evocations
  2588 | D:4      | Gained mutation: You have large cloven feet. [demonic
                  | ancestry]
  2588 | D:4      | Reached XP level 5. HP: 12/42 MP: 5/5
  2588 | D:4      | Gained mutation: You sometimes gain a little power by
                  | taking damage. [demonic ancestry]
  2588 | D:4      | Reached XP level 6. HP: 14/48 MP: 6/6
  2588 | D:4      | HP: 1/72 [ogre/+0 giant spiked club (13)]
  2590 | D:4      | Reached skill level 5 in Axes
  2590 | D:4      | Reached skill level 1 in Armour
  2851 | D:4      | Found Wehef's Book Shoppe.
  2889 | D:4      | Gained mutation: Your demonic aura sometimes causes spilled
                  | blood to erupt in flames. [demonic ancestry]
  2889 | D:4      | Reached XP level 7. HP: 34/54 MP: 7/7
  3229 | D:4      | Found a transporter.
  3229 | D:4      | Found Wughuzi's Weapon Emporium.
  3267 | D:4      | Found a transporter.
  3375 | D:4      | Found a staircase to the Ecumenical Temple.
  3381 | Temple   | Entered the Ecumenical Temple
  3466 | D:2      | Prayed at the altar of an unknown god.
  3466 | D:2      | Became a worshipper of Warmaster Okawaru
  3466 | D:2      | Reached * piety under Okawaru
  3466 | D:2      | Reached ** piety under Okawaru
  3537 | D:5      | Entered Level 5 of the Dungeon
  3537 | D:5      | Found Roshrol's Distillery.
  3626 | D:5      | Bought a potion of heal wounds for 65 gold pieces
  3812 | D:5      | Reached skill level 6 in Axes
  3849 | D:5      | Reached *** piety under Okawaru
  4025 | D:5      | Reached XP level 8. HP: 38/61 MP: 8/8
  4828 | D:6      | Identified the +1 kite shield of the Vacuum {rF+ rC+ rN+}
  4917 | D:6      | Reached skill level 7 in Axes
  4917 | D:6      | Reached skill level 1 in Invocations
  5135 | D:6      | Reached skill level 1 in Shields
  5570 | D:6      | Found a sparkling altar of Nemelex Xobeh.
  5658 | D:6      | Reached skill level 5 in Fighting
  5909 | D:7      | Reached XP level 9. HP: 64/68 MP: 11/11
  5927 | D:7      | Reached skill level 8 in Axes
  5998 | D:7      | Reached **** piety under Okawaru
  6099 | D:7      | Found a shimmering blue altar of Sif Muna.
  6125 | D:7      | Noticed Pikel
  6153 | D:7      | Killed Pikel
  6581 | D:7      | Killed an unseen horror
  6582 | D:7      | Reached skill level 9 in Axes
  6863 | D:7      | Found a runed translucent door.
  6866 | D:7      | Noticed Crazy Yiuf
  6870 | D:7      | Killed Crazy Yiuf
  6905 | D:8      | Noticed Jeremiah
  6926 | D:8      | Killed Jeremiah
  7018 | D:8      | Reached skill level 5 in Invocations
  7070 | D:8      | Found an iron altar of Okawaru.
  7122 | D:8      | Noticed Prince Ribbit
  7125 | D:8      | Identified the +3 flail of Xom {holy, rCorr Str+3}
  7130 | D:8      | Gained mutation: Your demonic aura often causes spilled
                  | blood to erupt in flames. [demonic ancestry]
  7130 | D:8      | Reached XP level 10. HP: 76/76 MP: 10/13
  7131 | D:8      | Killed Prince Ribbit
  7221 | D:8      | Reached skill level 10 in Axes
  7893 | D:9      | Reached skill level 5 in Shields
  7917 | D:9      | Noticed a two-headed ogre
  7924 | D:9      | Paralysed by a kobold demonologist for 5 turns
  7933 | D:9      | Noticed a smoke demon
  7939 | D:9      | Killed a two-headed ogre
  8018 | D:9      | Reached skill level 11 in Axes
  8161 | D:9      | Noticed a two-headed ogre
  8167 | D:9      | Killed a two-headed ogre
  8433 | D:9      | Reached ***** piety under Okawaru
  8493 | D:9      | Found an ancient bone altar of Kikubaaqudgha.
  8498 | D:9      | Noticed an orange demon
  8502 | D:9      | Gained mutation: You have hoof-like feet. [demonic
                  | ancestry]
  8502 | D:9      | Reached XP level 11. HP: 80/83 MP: 15/15
  8749 | D:10     | Entered Level 10 of the Dungeon
  8809 | D:10     | Found a staircase to the Lair.
  9090 | D:10     | Found a transporter.
  9095 | D:10     | Found a transporter.
  9099 | D:10     | Found a transporter.
  9099 | D:10     | Found a transporter.
  9110 | D:10     | Found a broken altar of Ashenzari.
  9243 | D:10     | Found a shimmering altar of Xom.
  9755 | D:10     | Found a transporter.
  9758 | D:10     | Found a transporter.
  9936 | D:10     | Reached skill level 12 in Axes
 10067 | D:10     | Found a staircase to the Orcish Mines.
 10237 | Lair:1   | Entered Level 1 of the Lair of Beasts
 10252 | Lair:1   | Received a gift from Okawaru
 10617 | Lair:1   | Reached skill level 13 in Axes
 10663 | Lair:1   | Received a gift from Okawaru
 10946 | Lair:1   | Reached XP level 12. HP: 91/91 MP: 18/18
 11207 | Lair:1   | Reached skill level 5 in Dodging
 11643 | Lair:2   | Found a staircase to the Swamp.
 11643 | Lair:2   | Noticed an eleionoma
 11652 | Lair:2   | Killed an eleionoma
 11748 | Lair:2   | Received a gift from Okawaru
 11883 | Lair:2   | Reached skill level 14 in Axes
 12544 | Lair:3   | Found a staircase to the Snake Pit.
 12638 | Lair:3   | Noticed a seven-headed hydra
 12661 | Lair:3   | Killed a three-headed hydra
 12767 | Lair:3   | Noticed Kirke
 12771 | Lair:3   | Noticed a sphinx
 12779 | Lair:3   | HP: 4/94 [hog[Kirke] (14)]
 12779 | Lair:3   | Mangled by a sphinx

Illustrated notes

Levels and vault maps discovered:
D:1:      beargit_arrival_greenhouse, layout_basic
D:2:      layout_basic, shapermc_ecumenical_altar_starsandcircs,
          kennysheep_generic_room_7
D:3:      layout_basic, serial_shops, nicolae_shop_tiny_real_fake_doors,
          kennysheep_generic_room_11
D:4:      layout_gridville, lemuel_doored_altar, temple_statues, serial_shops,
          nicolae_shop_just_a_little_nook, nicolae_shop_drivethru,
          gup_ossuary_entry_pyramid, uniq_grinder
D:5:      minmay_spotlight, layout_basic, serial_shops, shop,
          chequers_serial_rivers_micro_b, roderic_lattice_a
D:6:      layout_basic, old_standard_altar
D:7:      layout_basic, general_overflow_altar, uniq_pikel,
          uniq_crazy_yiuf_cottage
D:8:      layout_gridville, mainiacjoe_overflow_six_doors_small, uniq_jeremiah,
          uniq_prince_ribbit1
D:9:      wander_kiku_kobolds, layout_cave_pools, elyvilon_altar_4,
          hangedman_fish_farm
D:10:     layout_basic, mainiacjoe_overflow_catwalk, nicolae_ashenzari_skybound,
          lair_entry_dummy, david_orc_4, grunt_ministairs_7,
          serial_nicolae_subway, nicolae_sub_station_metal,
          nicolae_sub_station_crystal, nicolae_sub_station_stone
Temple:   eino_wide_crystal_templ
Lair:1:   layout_loops_ring
Lair:2:   layout_regular_city, alex1729_swamp_entry_worm_eleionoma,
          beast_lair_carwin_11, infiniplex_staircase_pool
Lair:3:   layout_chaotic_city, minmay_snake_entry_guardpost_small, uniq_kirke

Skill      XL: |  1  2  3  4  5  6  7  8  9 10 11 12 |
---------------+-------------------------------------+-----
Axes           | 3 4 5 6 7 9 11 13 14 | 14.5
Fighting       | 4 5 6 7 8 |  8.3
Throwing       | 1 2 3 |  3.2
Evocations     | 1 2 |  2.1
Armour         | 1 2 |  2.3
Dodging        | 3 4 5 |  5.8
Invocations    | 3 5 6 8 9 |  9.6
Shields        | 2 4 5 6 7 |  7.3

Action                     |  1- 3 |  4- 6 |  7- 9 | 10-12 || total
---------------------------+-------+-------+-------+-------++-------
  Melee: Hand axe          |   118 |    91 |   426 |       ||   635
         War axe           |       |       |    62 |   441 ||   503
  Throw: Javelin           |       |     7 |    26 |     4 ||    37
         Boomerang         |       |       |     4 |       ||     4
 Invoke: Heroism           |       |       |    10 |    11 ||    21
  Evoke: Wand              |       |     4 |     4 |       ||     8
    Use: Potion            |     1 |     2 |     2 |     5 ||    10
         Scroll            |       |       |    12 |     6 ||    18
   Stab: Invisible         |       |     3 |     4 |       ||     7
 Armour: Robe              |    50 |     1 |       |       ||    51
         Leather armour    |       |    39 |   206 |    11 ||   256
         Skin              |       |     6 |    29 |     9 ||    44
         Steam dragon scal |       |       |       |   208 ||   208
  Dodge: Dodged            |    78 |    73 |   229 |   254 ||   634
  Block: Kite shield       |       |       |   148 |   280 ||   428
         Reflection        |       |       |       |     2 ||     2
         Other             |       |       |       |     1 ||     1

Table legend: (Time is in decaauts)
 A = Elapsed time spent in this place.
 B = Non-inter-level travel time spent in this place.
 C = Inter-level travel time spent in this place.
 D = Time resting spent in this place.
 E = Time spent auto-exploring this place.
 F = Levels seen in this place.
 G = Mean time per level.
                   A        B        C        D        E       F      G
               +--------+--------+--------+--------+--------+-----+--------+
         Total |  12938 |  12514 |    424 |    878 |   8152 |  14 |  924.1 |
       Dungeon |  10342 |   9988 |    354 |    537 |   6768 |  10 | 1034.2 |
        Temple |      1 |      0 |      1 |      0 |      0 |   1 |    1.0 |
          Lair |   2594 |   2525 |     69 |    341 |   1384 |   3 |  864.7 |
               +--------+--------+--------+--------+--------+-----+--------+

Top non-repeatable levels by time:
    D:10: 1534 daAuts
     D:5: 1258 daAuts
  Lair:2: 1227 daAuts
  Lair:1: 1091 daAuts
     D:2: 1088 daAuts
     D:7: 1065 daAuts
     D:6: 1026 daAuts
     D:8: 967 daAuts
     D:4: 942 daAuts
     D:9: 898 daAuts
     D:3: 806 daAuts
     D:1: 754 daAuts
  Lair:3: 275 daAuts
  Temple: 1 daAuts
